 Dungeon Crawl Stone Soup version 0.29-a0-559-g359e09b9d1 (webtiles) character file.

Game seed: 10169495958321994674

58 zeratav the Stinger (level 4, 0/27 HPs)
             Began as an Octopode Venom Mage on June 8, 2022.
             Slain by a gnoll
             ... wielding a +0 club
              (3 damage)
             ... on level 2 of the Dungeon on June 9, 2022.
             The game lasted 00:03:29 (1996 turns).

zeratav the Stinger (Octopode Venom Mage)           Turns: 1996, Time: 00:03:30

Health: 0/27       AC:  1    Str: 13    XL:     4   Next: 1%
Magic:  4/7        EV: 13    Int: 19    God:
Gold:   63         SH:  0    Dex: 12    Spells: 7/8 levels left

rFire   . . .      SeeInvis .   b - +0 whip {mace}
rCold   . . .      Faith    .   (no shield)
rNeg    . . .      Spirit   .   (helmet restricted)
rPois   .          Reflect  .   (no amulet)
rElec   .          Harm     .   m - +6 ring of strength
rCorr   .          Rampage  .   (no ring)
Will    .....                   (no ring)
Stlth   +++.......              (no ring)
HPRegen 0.09/turn               (no ring)
MPRegen 0.10/turn               (no ring)
                                (no ring)
                                (no ring)

@: no status effects
A: almost no armour, amphibious, 8 rings, camouflage 1, gelatinous body 1,
(nimble swimmer 1), tentacles
a: no special abilities


You were on level 2 of the Dungeon.
You visited 1 branch of the dungeon, and saw 3 of its levels.

You collected 63 gold pieces.


Innate Abilities, Weirdness & Mutations

You cannot wear most types of armour.
You are amphibious.
You can wear up to eight rings at the same time.
Your skin changes colour to match your surroundings (Stealth+).
Your rubbery body absorbs attacks. (AC +1, EV +1)
((You are camouflaged when in or above water. (Stealth+)))
You have tentacles for arms and can constrict up to eight enemies at once.


   Skills:
 - Level 2.0 Dodging
 - Level 2.6 Stealth
 + Level 2.5 Spellcasting
 - Level 1.0 Transmutations
 + Level 1.2 Air Magic
 * Level 4.9 Poison Magic


You had 7 spell levels left.
You knew the following spells:

 Your Spells              Type           Power      Damage    Failure   Level
a - Sting                 Tmut/Pois      52%        1d5       4%          1

Your spell library contained the following spells:

 Spells                   Type           Power      Damage    Failure   Level
 Poisonous Vapours        Pois/Air       28%        N/A       7%          2
 Mephitic Cloud           Conj/Pois/Air  10%        N/A       21%         3
 Olgreb's Toxic Radiance  Pois           21%        N/A       21%         4

Inventory:

Hand Weapons
 b - a +0 whip (weapon) {mace}
   (You found it on level 1 of the Dungeon)
Jewellery
 m - a +6 ring of strength (left tentacle)
   (You found it on level 3 of the Dungeon)
Scrolls
 c - a scroll of amnesia {unknown}
 d - 2 scrolls of identify {unknown}
 i - a scroll of magic mapping {unknown}
 j - a scroll of blinking {unknown}
 k - a scroll of torment {unknown}
 l - a scroll of vulnerability {unknown}
Potions
 a - a potion of magic
 e - a potion of flight {unknown}
 f - a potion of heal wounds {unknown}
 g - a potion of mutation {unknown}
 h - a potion of degeneration {unknown}

Dungeon Overview and Level Annotations

Branches:
Dungeon (3/15)

Altars:

######### #.......# #....<..#
#.......################
#...............@ggr...####
#.......###########.......#######
#†.......## #..............
#.........# #........######
#.......#.# ..............#
........#... #..........##....
.#####...........................
|............##...#..............
.#.#..###...###...?..#.##........


You could see 2 gnolls and a quokka.


Message History

MP[+1]
Your mp is fully restored (6).
Found a stone staircase leading up.
There is a stone staircase leading up here.
You climb upwards.
There is a stone staircase leading down here.
A ball python comes into view. 2 gnolls and a hobgoblin come into view.
A quokka and a gnoll come into view.
The gnoll shouts!
The ball python hisses angrily.
The ball python bites you. The ball python closely misses you.
HP[-2]
You take 2 damage, and now have 19/21 hp.
A giant cockroach comes into view.
The ball python attacks as you move away!
The ball python bites you. The ball python barely misses you. x2
The ball python closely misses you.
HP[-2]
You take 2 damage, and now have 17/21 hp.
The gnoll attacks as you move away! The gnoll closely misses you.
The ball python attacks as you move away!
The ball python bites you. The ball python completely misses you.
The gnoll barely misses you.
HP[-1]
You take 1 damage, and now have 16/21 hp.
The ball python attacks as you move away!
The ball python bites you. The gnoll attacks as you move away!
The gnoll completely misses you.
HP[-2]
You take 2 damage, and now have 14/21 hp.
The ball python attacks as you move away!
The ball python bites you. The ball python barely misses you.
HP[-1]
You take 1 damage, and now have 13/21 hp.
The ball python bites you. The ball python closely misses you.
You see here 8 gold pieces.
HP[-2]
You take 2 damage, and now have 11/21 hp.
Casting: Sting (safe; 4% risk of failure)
Confirm with . or Enter, or press ? or * to list all spells.
Aiming: Sting (safe; 4% risk of failure)
Press: ? - help, Shift-Dir - straight line, f - ball python
Aim: a ball python (68% to hit)
The sting misses the ball python.
The sting hits the gnoll but does no damage.
The gnoll is poisoned.
The ball python misses you. x2
MP[-1]
You lost 1 mp, and now have 5/6 mp.
Casting: Sting (safe; 4% risk of failure)
Confirm with . or Enter, or press ? or * to list all spells.
Aiming: Sting (safe; 4% risk of failure)
Press: ? - help, Shift-Dir - straight line, f/p - ball python
Aim: a ball python (68% to hit)
The sting hits the ball python.
The ball python is poisoned.
The ball python bites you.
* * * LOW HITPOINT WARNING * * *
The ball python misses you.
HP[-3] MP[-1]
You take 3 damage, and now have 8/21 hp.
You lost 1 mp, and now have 4/6 mp.
Casting: Sting (safe; 4% risk of failure)
Confirm with . or Enter, or press ? or * to list all spells.
Aiming: Sting (safe; 4% risk of failure)
Press: ? - help, Shift-Dir - straight line, f/p - ball python
Aim: a ball python (heavily wounded, poisoned, 68% to hit)
The sting hits the ball python.
The ball python looks even sicker.
You kill the ball python!
MP[-1]
You lost 1 mp, and now have 3/6 mp.
You hit the gnoll. You grab the gnoll.
You constrict the gnoll, but do no damage.
The gnoll barely misses you.
HP[+1]
You hit the gnoll but do no damage. You constrict the gnoll.
The gnoll looks more healthy.
The gnoll closely misses you.
You hit the gnoll.
You constrict the gnoll, but do no damage.
The gnoll hits you with a +0 flail.
* * * LOW HITPOINT WARNING * * *
HP[-3]
You take 3 damage, and now have 6/21 hp.
You hit the gnoll.
You kill the gnoll!
The gnoll misses you.
You have reached level 4!
HP[+2]
You now have 27 max hp (+6).
You regained 2 hp, and now have 8/27 hp.
You hit the gnoll but do no damage. Your grab misses the gnoll.
The gnoll hits you with a +0 club.
* * * LOW HITPOINT WARNING * * *
HP[-5]
You take 5 damage, and now have 3/27 hp.
You closely miss the gnoll. Your grab misses the gnoll.
Your squeeze misses the gnoll. The gnoll completely misses you.
MP[+1]
You hit the gnoll. You grab the gnoll. You constrict the gnoll.
The gnoll hits you with a +0 club.
You die...

Skill      XL: |  1  2  3 |
---------------+----------+-----
Poison Magic   | 4 |  4.9
Air Magic      | 1 |  1.2
Dodging        | |  2.0
Stealth        | |  2.6
Spellcasting   | |  2.5
Transmutations | |  1.0

Action                   |  1- 3 |  4- 6 || total
-------------------------+-------+-------++-------
Melee: Whip              |    55 |     3 ||    58
       Constrict         |    19 |     1 ||    20
       Tentacles         |    12 |       ||    12
 Cast: Sting             |    26 |       ||    26
 Stab: Sleeping          |     9 |       ||     9
Armor: Skin              |     5 |       ||     5
Dodge: Dodged            |    62 |     1 ||    63

Levels and vault maps discovered:
D:1:      eino_arrival_cavern_b, layout_basic, ebering_ecumenical_altar_ruins
D:2:      layout_rooms, minmay_between
D:3:      layout_rooms, minmay_misc_feat_tower, st_stairs_8,
          kennysheep_big_empty_room, minmay_misc_feat_tiny,
          hangedman_decor_peaks_small, hangedman_abyss_or_decor_lesser_grid

Notes
Turn   | Place    | Note
-------+----------+-------------------------------------------
     0 | D:1      | zeratav the Octopode Venom Mage began the quest for the
                  | Orb.
     0 | D:1      | Reached XP level 1. HP: 11/11 MP: 3/3
     0 | D:1      | magus.rc [v1.9.6]
   293 | D:1      | Reached skill level 4 in Poison Magic
   296 | D:1      | Reached XP level 2. HP: 12/17 MP: 1/5
   934 | D:1      | Found a faded altar of an unknown god.
  1460 | D:2      | Reached XP level 3. HP: 16/21 MP: 6/6
  1766 | D:2      | You fall into a shaft and drop 1 floor!
  1888 | D:3      | Reached skill level 1 in Air Magic
  1894 | D:3      | Noticed an ogre
  1945 | D:3      | Upgraded the game from 0.29-a0-557-g43b9904bd1 to
                  | 0.29-a0-559-g359e09b9d1
  1945 | D:3      | magus.rc [v1.9.6]
  1994 | D:2      | Reached XP level 4. HP: 8/27 MP: 3/7
  1994 | D:2      | HP: 3/27 [gnoll/+0 club (5)]
  1996 | D:2      | Slain by a gnoll

Vanquished Creatures
  A gnoll (D:2)
  An adder (D:3)
  2 endoplasms
  A giant cockroach (D:1)
  3 hobgoblins
  A quokka (D:1)
  11 ball pythons
  2 bats
  A frilled lizard (D:1)
  3 goblins
  7 kobolds
  7 rats
40 creatures vanquished.

Table legend:
 A = Non-vault XP
 B = Vault XP
 C = Vault XP percentage of total XP
 D = Non-vault monster count
 E = Vault monster count
 F = Vault count percentage of total count
                 A         B        C        D         E       F
            +---------+---------+-------+---------+---------+-------
      Total |      81 |       2 |   2.4 |      38 |       2 |   5.0
            +---------+---------+-------+---------+---------+-------
        D:1 |      29 |       0 |   0.0 |      20 |       0 |   0.0
        D:2 |      31 |       2 |   6.1 |      12 |       2 |  14.3
        D:3 |      21 |       0 |   0.0 |       6 |       0 |   0.0
            +---------+---------+-------+---------+---------+-------

Illustrated notes

Table legend:
 A = Kills in this place as a percentage of kills in entire the game.
 B = Kills by you in this place as a percentage of kills by you in the entire game.
 C = Kills by friends in this place as a percentage of kills by friends in the entire game.
 D = Other kills in this place as a percentage of other kills in the entire game.
 E = Experience gained in this place as a percentage of experience gained in the entire game.
 F = Experience gained in this place divided by the number of levels of this place that you have seen.
                   A       B       C       D       E      F
               +-------+-------+-------+-------+-------+----------------------
         Total | 100.0 | 100.0 |   N/A |   N/A | 100.0 |  27.7
       Dungeon | 100.0 | 100.0 |   N/A |   N/A | 100.0 |  27.7
               +-------+-------+-------+-------+-------+----------------------

Table legend: (Time is in decaauts)
 A = Elapsed time spent in this place.
 B = Non-inter-level travel time spent in this place.
 C = Inter-level travel time spent in this place.
 D = Time resting spent in this place.
 E = Time spent auto-exploring this place.
 F = Levels seen in this place.
 G = Mean time per level.
                   A        B        C        D        E       F      G
               +--------+--------+--------+--------+--------+-----+--------+
         Total |   2000 |   1941 |     59 |    124 |   1531 |   3 |  666.7 |
       Dungeon |   2000 |   1941 |     59 |    124 |   1531 |   3 |  666.7 |
               +--------+--------+--------+--------+--------+-----+--------+

Top non-repeatable levels by time:
     D:1: 1415 daAuts
     D:2: 382 daAuts
     D:3: 202 daAuts
